 Dungeon Crawl Stone Soup version 0.29.1-2-gbd0b4ee654 (webtiles) character file.

Game seed: 6019306551918977790

5454 qeuew the Cleaver (level 10, -14/88 HPs)
             Began as a Hill Orc Monk on Nov 4, 2022.
             Was a Priest of Cheibriados.
             Demolished by a two-headed ogre
             ... wielding a +0 giant spiked club
              (25 damage)
             ... on level 8 of the Dungeon on Nov 5, 2022.
             The game lasted 00:18:04 (11352 turns).

qeuew the Cleaver (Hill Orc Monk)                  Turns: 11352, Time: 00:18:05

Health: -14/88     AC:  8    Str: 26    XL:     10   Next: 68%
Magic:  10/10      EV: 15    Int: 17    God:    Cheibriados [***...]
Gold:   119        SH:  5    Dex: 26    Spells: 9/9 levels left

rFire   . . .      SeeInvis .   a - +1 hand axe (venom)
rCold   . . .      Faith    .   (no shield)
rNeg    . . .      Spirit   .   f - +0 ring mail
rPois   .          Reflect  +   (no helmet)
rElec   .          Harm     .   l - +0 cloak
rCorr   .          Rampage  .   (no gloves)
Will    .....                   (no boots)
Stlth   ++........              y - amulet of reflection
HPRegen 0.24/turn               z - +4 ring of slaying
MPRegen 0.12/turn               r - +6 ring of dexterity

@: studying Ranged Weapons, very slow
A: claws 1, hooves 1
a: Renounce Religion, Bend Time, Temporal Distortion


You were on level 8 of the Dungeon.
You worshipped Cheibriados.
Cheibriados was most pleased with you.
You visited 2 branches of the dungeon, and saw 9 of its levels.
You also visited: Ossuary.

You collected 1199 gold pieces.
You spent 1080 gold pieces at shops.

Inventory:

Hand Weapons
 a - a +1 hand axe of venom (weapon)
 h - a +0 shortbow of freezing
Armour
 f - a +0 ring mail (worn)
 l - a +0 cloak (worn)
Jewellery
 e - a ring of resist corrosion
 o - a ring of protection from cold
 r - a +6 ring of dexterity (right claw)
 y - an amulet of reflection (around neck)
 z - a +4 ring of slaying (left claw)
Wands
 c - a wand of charming (7)
Scrolls
 b - 2 scrolls of amnesia
 d - 2 scrolls of blinking
 i - 8 scrolls of teleportation
 k - a scroll of identify
 n - 3 scrolls of magic mapping
 s - 2 scrolls of fear
 v - a scroll of enchant armour
Potions
 g - a potion of magic
 j - 2 potions of flight
 p - 3 potions of curing
 t - 2 potions of heal wounds
 u - a potion of cancellation
 w - 2 potions of might
 x - a potion of berserk rage


   Skills:
 + Level 8.0 Fighting
 * Level 11.6 Axes
 * Level 6.9 Ranged Weapons
 * Level 9.7 Armour
 * Level 5.0 Dodging
 - Level 1.5 Stealth
 + Level 0.4 Shields
 * Level 0.5 Invocations


You had 9 spell levels left.
You didn't know any spells.
Your spell library contained the following spells:

 Spells                   Type           Power      Damage    Failure   Level
 Beastly Appendage        Tmut           0%         N/A       32%         1
 Wereblood                Tmut           0%         N/A       45%         2
 Gell's Gravitas          Tloc           0%         N/A       69%         3
 Spider Form              Tmut/Pois      0%         N/A       69%         3
 Teleport Other           Tloc           0%         N/A       69%         3
 Fulminant Prism          Conj/Hex       0%         3d6       97%         4
 Iskenderun's Mystic Bla  Conj/Tloc      0%         2d3       97%         4
 Lee's Rapid Deconstruct  Erth           0%         3d5*      100%        5
 Dispersal                Tloc           0%         N/A       100%        6


Dungeon Overview and Level Annotations

Branches:
Dungeon (8/15)             Temple (1/1) D:7         Ossuary (visited)
   Lair: D:8-11

Altars:
Ashenzari
Cheibriados
Elyvilon
Gozag
Hepliaklqana
Kikubaaqudgha
Makhleb
Nemelex Xobeh
Okawaru
Ru
Sif Muna
Trog
Uskayaw
Vehumet
Xom

Shops:
D:7 (=


Innate Abilities, Weirdness & Mutations

You have sharp fingernails.
You have large cloven feet.


Message History

You shoot an arrow. The arrow hits the two-headed ogre!
The arrow freezes the two-headed ogre.
The two-headed ogre shouts in stereo!
The two-headed ogre is moderately wounded.
You shoot an arrow.
The arrow barely misses the two-headed ogre.
You shoot an arrow. The arrow hits the two-headed ogre!
The arrow freezes the two-headed ogre.
The two-headed ogre is heavily wounded.
You shoot an arrow. The arrow hits the two-headed ogre!
The arrow freezes the two-headed ogre.
The two-headed ogre is severely wounded.
You shoot an arrow.
The arrow hits the two-headed ogre but does no damage.
The two-headed ogre is severely wounded.
You shoot an arrow. The arrow hits the two-headed ogre.
The arrow freezes the two-headed ogre.
The two-headed ogre is almost dead.
The two-headed ogre hits you with a +0 giant spiked club!
The two-headed ogre hits you with a +0 giant club!
You shoot an arrow.
The arrow barely misses the two-headed ogre.
The two-headed ogre hits you with a +0 giant spiked club.
The two-headed ogre hits you with a +0 giant club!!
Your +0 shortbow of freezing stops glowing.
Your +1 hand axe of venom begins to drip with poison!
a - a +1 hand axe of venom (weapon)
You barely miss the two-headed ogre.
You kick the two-headed ogre, but do no damage.
The two-headed ogre is severely wounded.
The two-headed ogre hits you with a +0 giant spiked club.
The two-headed ogre hits you with a +0 giant club!!
* * * LOW HITPOINT WARNING * * *
You hit the two-headed ogre. You kick the two-headed ogre.
The two-headed ogre is almost dead.
You hit the two-headed ogre.
The two-headed ogre is poisoned.
You kick the two-headed ogre.
The two-headed ogre is almost dead.
The two-headed ogre hits you with a +0 giant spiked club!!
You die...

...#
###.#####...#
...# #...#
##.##
...####.###
#.# ...##...#
#.# ...##.###
#.# ...##.#
#.# ......#
#.# ##..###
#.# ...## #@#
.### #O# ##
#.# # #.# ##
# #.# ...#
#.# .... #.#
.##.. #.# .#
#


You could see a two-headed ogre (very poisoned).

Vanquished Creatures
  A two-headed ogre (D:8)
  A gargoyle (D:8)
  Maggie (D:7)
  Sigmund (D:6)
  3 yaks (D:6)
  A steam dragon (D:6)
  3 water moccasins
  2 black bears (D:4)
  An orc warrior (D:7)
  A sky beast (D:8)
  3 ice beasts
  2 ogres (D:6)
  4 centaurs
  3 phantoms
  3 necrophages
  3 bullfrogs (D:7)
  3 gnoll sergeants
  4 scorpions
  5 killer bees (D:8)
  2 hounds (D:7)
  An orc priest (D:5)
  2 jellies
  3 iguanas
  7 orc wizards
  13 mummies (Ossuary)
  17 gnolls
  9 adders
  2 white imps
  2 ufetubi (D:5)
  5 worms
  2 dart slugs
  16 orcs
  9 bats
  6 endoplasms
  6 giant cockroaches
  4 goblins
  7 hobgoblins
  7 jackals (D:4)
  2 quokkas
  9 ball pythons
  3 frilled lizards
  2 gnoll skeletons (Ossuary)
  A goblin skeleton (Ossuary)
  10 kobolds
  2 kobold skeletons (Ossuary)
  3 orc skeletons (Ossuary)
  4 rats
  11 rat skeletons (Ossuary)
212 creatures vanquished.

Notes
Turn   | Place    | Note
-------+----------+-------------------------------------------
     0 | D:1      | qeuew the Hill Orc Monk began the quest for the Orb.
     0 | D:1      | Reached XP level 1. HP: 19/19 MP: 1/1
   114 | D:1      | Reached XP level 2. HP: 23/27 MP: 2/2
   718 | D:1      | Found a faded altar of an unknown god.
   718 | D:1      | Noticed a Tzitzimitl
   762 | D:1      | Gained mutation: Your magical capacity is low. (-10% MP)
                  | [potion of mutation]
   762 | D:1      | Gained mutation: You passively dampen the noise of your
                  | surroundings. [potion of mutation]
   762 | D:1      | Gained mutation: You passively map a small area around you.
                  | [potion of mutation]
   800 | D:2      | Reached skill level 1 in Armour
   814 | D:2      | Reached XP level 3. HP: 32/33 MP: 2/2
  1561 | D:2      | Found a white marble altar of Elyvilon.
  1972 | D:3      | Reached XP level 4. HP: 40/40 MP: 3/3
  2266 | D:3      | Reached skill level 5 in Axes
  2821 | D:4      | Noticed a black bear
  2832 | D:4      | Killed a black bear
  2833 | D:4      | Reached XP level 5. HP: 28/47 MP: 1/4
  3026 | D:4      | Reached XP level 6. HP: 42/53 MP: 3/5
  3350 | D:4      | Noticed a black bear
  3362 | D:4      | Killed a black bear
  3363 | D:4      | Reached skill level 6 in Axes
  3460 | D:4      | Reached XP level 7. HP: 26/60 MP: 1/6
  3730 | D:4      | Reached skill level 5 in Fighting
  4381 | D:4      | Identified a scroll of acquirement
  4381 | D:4      | Acquired 729 gold pieces
  4489 | D:5      | Entered Level 5 of the Dungeon
  4532 | D:5      | Reached skill level 5 in Armour
  4560 | D:5      | Reached skill level 7 in Axes
  4798 | D:5      | Identified the +0 whip "Iwirer" {freeze, +Blink MP+9}
  4842 | D:5      | Reached XP level 8. HP: 52/68 MP: 7/7
  5126 | D:5      | Reached skill level 8 in Axes
  5524 | D:5      | Lost mutation: Your magical capacity is low. (-10% MP)
                  | [potion of mutation]
  5524 | D:5      | Lost mutation: You passively map a small area around you.
                  | [potion of mutation]
  5524 | D:5      | Lost mutation: You passively dampen the noise of your
                  | surroundings. [potion of mutation]
  5524 | D:5      | Gained mutation: You are frail. (-10% HP) [potion of
                  | mutation]
  5524 | D:5      | Gained mutation: You possess an exceptional clarity of
                  | mind. [potion of mutation]
  5525 | D:5      | Lost mutation: You are frail. (-10% HP) [potion of
                  | mutation]
  5525 | D:5      | Lost mutation: You possess an exceptional clarity of mind.
                  | [potion of mutation]
  5525 | D:5      | Gained mutation: You have large cloven feet. [potion of
                  | mutation]
  5525 | D:5      | Gained mutation: You have sharp fingernails. [potion of
                  | mutation]
  5574 | D:6      | Found a sand-covered staircase.
  5583 | Ossuary  | Entered an ossuary
  7106 | D:6      | Reached skill level 9 in Axes
  7360 | D:6      | Reached XP level 9. HP: 56/75 MP: 6/9
  7551 | D:6      | Reached skill level 10 in Axes
  7572 | D:6      | HP: 3/78 [poisoned by a water moccasin]
  8213 | D:6      | Found a sparkling altar of Nemelex Xobeh.
  8220 | D:6      | Found a sacrificial altar of Ru.
  8223 | D:6      | Found a hide-covered altar of Uskayaw.
  8223 | D:6      | Found an ancient bone altar of Kikubaaqudgha.
  8230 | D:6      | Found a radiant altar of Vehumet.
  8293 | D:6      | Noticed Sigmund
  8305 | D:6      | Killed Sigmund
  9121 | D:7      | Noticed Maggie
  9135 | D:7      | Killed Maggie
  9136 | D:7      | Reached skill level 1 in Ranged Weapons
  9140 | D:7      | Reached skill level 11 in Axes
  9154 | D:7      | Found a staircase to the Ecumenical Temple.
  9188 | Temple   | Entered the Ecumenical Temple
  9207 | Temple   | Became a worshipper of Cheibriados the Contemplative
  9207 | Temple   | Reached * piety under Cheibriados
  9207 | Temple   | Reached ** piety under Cheibriados
  9254 | D:7      | Reached XP level 10. HP: 65/86 MP: 8/10
  9739 | D:7      | Found Zoankomn's Antique Weapon Shop.
 10209 | D:7      | Found Riduuw's Jewellery Shoppe.
 10221 | D:7      | Bought an amulet of reflection for 300 gold pieces
 10221 | D:7      | Bought a +4 ring of slaying for 780 gold pieces
 10410 | D:8      | Reached skill level 5 in Ranged Weapons
 10419 | D:8      | Reached *** piety under Cheibriados
 10423 | D:8      | Noticed a two-headed ogre
 10427 | D:8      | Noticed a gargoyle
 10443 | D:8      | Killed a two-headed ogre
 10447 | D:8      | HP: 2/88 [gargoyle/stone arrow (11)]
 10828 | D:8      | Killed a gargoyle
 10829 | D:8      | Reached skill level 5 in Dodging
 11341 | D:8      | Noticed a two-headed ogre
 11352 | D:8      | Demolished by a two-headed ogre

Illustrated notes

Levels and vault maps discovered:
D:1:      wander_arrival_estate, layout_basic,
          dreamdust_ecumenical_altar_sealed_demon
D:2:      layout_loops_ring, basic_altar, minmay_3d_cube
D:3:      layout_basic, corner_web_ring
D:4:      minmay_bubble_buster, layout_loops_ring, nicolae_elevator_lobby_plus
D:5:      layout_basic
D:6:      layout_rooms, nicolae_overflow_hallway_of_the_gods, enter_ossuary_1,
          serial_co_window_serial, co_window_paths_b, co_window_corner_a,
          co_window_paths_a, co_window_corner_a, co_window_paths_a,
          co_window_corner_b, co_window_broadway_b, co_window_broadway_a,
          co_window_paths_d, glass_columns_b, glass_columns_a, glass_columns_c,
          glass_columns_b, portal_sewer_entry_a, uniq_sigmund
D:7:      layout_cave_pools, nicolae_overflow_hidden_temple, temple_fountains,
          serial_gnoll_camp, gnoll_camp_mini_sergeant, gnoll_camp_mini_hut,
          gnoll_camp_mini_loothouse, gnoll_camp_mini_shop, serial_shops,
          nicolae_lakefront_shop, uniq_maggie
D:8:      layout_rooms, nicolae_dithmenos_through_a_glass_darkly
Temple:   eino_wide_crystal_templ

Skill      XL: |  1  2  3  4  5  6  7  8  9 10 |
---------------+-------------------------------+-----
Armour         | 1 3 4 6 7 9 |  9.7
Fighting       | 4 5 6 7 8 |  8.0
Axes           | 5 6 7 9 11 | 11.6
Dodging        | 3 4 5 |  5.0
Ranged Weapons | 2 6 |  6.9
Stealth        | |  1.5
Shields        | |  0.4
Invocations    | |  0.5

Action                   |  1- 3 |  4- 6 |  7- 9 | 10-12 || total
-------------------------+-------+-------+-------+-------++-------
Melee: Hand axe          |   134 |   106 |   424 |    78 ||   742
       Punch             |     1 |     3 |     4 |     1 ||     9
       Kick              |       |       |    98 |    33 ||   131
 Fire: Shortbow          |       |       |    17 |    73 ||    90
  Use: Potion            |     4 |       |    12 |     1 ||    17
       Scroll            |     6 |     4 |     8 |     3 ||    21
 Stab: Sleeping          |     1 |       |     1 |       ||     2
Armor: Ring mail         |    46 |    61 |   102 |    21 ||   230
       Robe              |     9 |       |       |       ||     9
Dodge: Dodged            |    87 |    75 |   222 |    58 ||   442
Block: Other             |       |       |       |    10 ||    10
